 Dungeon Crawl Stone Soup version 0.29-a0-344-ge2f44be95a (webtiles) character file.

Game seed: 10077543511523205163

4292 spaghetti the Geomancer (level 10, -2/75 HPs)
             Began as a Deep Dwarf Earth Elementalist on Apr 22, 2022.
             Was a Believer of Ru.
             Killed from afar by an electric eel (14 damage)
             ... with a bolt of electricity
             ... on level 1 of the Lair of Beasts.
             The game lasted 00:21:36 (10616 turns).

spaghetti the Geomancer (DDEE)                     Turns: 10616, Time: 00:21:37

Health: -2/75      AC:  6    Str: 12    XL:     10   Next: 11%
Magic:  12/22      EV: 12    Int: 20    God:    Ru [**....]
Gold:   529        SH:  0    Dex: 17    Spells: 5/26 levels left

rFire   . . .      SeeInvis .   a - +0 hunting sling {sling}
rCold   . . .      Faith    .   y - orb {light}
rNeg    . . .      Spirit   .   u - +1 leather armour of the Blind Marksman {Harm Will+++ rCorr Dex-2}
rPois   .          Reflect  .   (no helmet)
rElec   .          Harm     +   (no cloak)
rCorr   +          Rampage  .   (no gloves)
Will    ++++.                   (no boots)
Stlth   +.........              (no amulet)
HPRegen 0.00/turn               D - +6 ring of dexterity
MPRegen 0.18/turn               (no ring)

@: glowing
A: damage resistance, heal wounds, sense surroundings 2, inability to use
devices, no regeneration, talons 1, iridescent scales 1
a: Heal Wounds, Renounce Religion


You were on level 1 of the Lair of Beasts.
You worshipped Ru.
Ru was pleased with you.
You visited 3 branches of the dungeon, and saw 10 of its levels.

You collected 529 gold pieces.


Innate Abilities, Weirdness & Mutations

You are resistant to damage.
You can heal yourself by infusing magical energy.
You passively map the area around you.
You cannot study or use magical devices.
You do not regenerate.
You have sharp toenails.
You are partially covered in iridescent scales. (AC +2)


   Skills:
 - Level 2.1 Dodging
 - Level 2.4 Stealth
 + Level 8.5 Spellcasting
 + Level 4.6 Conjurations
 - Level 0.8 Transmutations
 * Level 12.9 Earth Magic


You had 5 spell levels left.
You knew the following spells:

 Your Spells              Type           Power      Damage    Failure   Level
a - Sandblast             Erth           100%       2d20      1%          1
b - Stone Arrow           Conj/Erth      86%        3d12      1%          3
c - Petrify               Tmut/Erth      36%        N/A       6%          4
d - Passwall              Tmut/Erth      30%        N/A       1%          2
e - Iron Shot             Conj/Erth      21%        9d5       38%         6
f - Iskenderun's Battles  Conj           27%        2d8       38%         5

Your spell library contained the following spells:

 Spells                   Type           Power      Damage    Failure   Level
 Confusing Touch          Hex            8%         N/A       30%         3
 Yara's Violent Unravell  Hex/Tmut       5%         3d4       94%         5
 Enfeeble                 Hex            4%         N/A       100%        7
 Spellforged Servitor     Conj/Summ      8%         N/A       100%        7

Inventory:

Hand Weapons
 a - a +0 hunting sling (weapon) {sling}
   (You found it on level 1 of the Dungeon)
 b - a +0 vampiric falchion {long}
   (You found it on level 3 of the Dungeon)
 d - a +0 dagger {short}
   (You found it on level 1 of the Dungeon)
 e - a +0 dagger {short}
   (You took it off a goblin on level 1 of the Dungeon)
 n - a +0 dire flail of venom {mace}
   (You took it off Edmund on level 6 of the Dungeon)
 z - a +2 vampiric whip {mace}
   (You took it off a gnoll shaman on level 6 of the Dungeon)
 B - a +3 dagger of holy wrath {short}
   (You found it on level 4 of the Dungeon)
 G - a +9 great sword {long}
   (You took it off a wight on level 5 of the Dungeon)
Missiles
 f - 132 stones {throwing}
 h - 5 javelins {throwing}
 k - 12 poisoned darts {throwing}
 s - a curare-tipped dart {=fthrowing}
 v - a throwing net {=f!fthrowing}
 w - 11 boomerangs {throwing}
Armour
 r - a +0 robe
 u - the +1 leather armour of the Blind Marksman (worn) {Harm Will+++ rCorr Dex-2}
   (You took it off an orc on level 3 of the Dungeon)

   Dex:       It affects your dexterity (-2).
   rCorr:     It protects you from acid and corrosion.
   Harm:      It increases damage dealt and taken.
   Will:      It greatly increases your willpower.
 y - an orb of light (worn)
   (You found it on level 6 of the Dungeon)
Magical Staves
 g - a staff of death {!astaff}
   (You found it on level 1 of the Dungeon)
Jewellery
 D - a +6 ring of dexterity (left hand)
   (You found it on level 6 of the Dungeon)
Wands
 x - a wand of digging (5)
   (You found it on level 3 of the Dungeon)
 F - a wand of paralysis (10)
   (You found it on level 5 of the Dungeon)
Scrolls
 c - 2 scrolls of torment {!r}
 i - a scroll of enchant weapon
 l - a scroll of enchant armour
 m - 6 scrolls of magic mapping {!r}
 o - a scroll of holy word
 p - a scroll of silence {!r}
 q - 3 scrolls of teleportation {@r4}
 t - 2 scrolls of identify {@r1}
 E - 2 scrolls of fog
Potions
 j - 2 potions of attraction {!q}
 A - 2 potions of invisibility
 C - a potion of cancellation

Dungeon Overview and Level Annotations

Branches:
Dungeon (8/15)             Temple (1/1) D:7            Lair (1/6) D:8

Altars:
Ashenzari
Cheibriados
Dithmenos
Gozag
Hepliaklqana
Kikubaaqudgha
Nemelex Xobeh
Okawaru
Ru
Sif Muna
Uskayaw
Zin

Annotations:
D:6 exclusion: 4 doors

,, .... #.... , ,
..... #... * ,, ,
,..... .... * ,, *
* .....##..+# , *
** , ,, ..........
,. *, ,
,.........## ...*
, ,
....≈.....#...# ,
,,,...≈≈..<.≈.....
, , ,
..≈≈≈≈≈@.≈....#
..≈≈≈≈≈≈≈≈≈≈..#* ,
*, ..≈≈≈≈≈≈≈≈≈≈..#
, **
#..≈≈≈≈≈≈≈≈≈... ,
, ....S≈≈≈≈≈≈....
, ,
......≈≈≈≈....., ,
..##........... ,
.# ###.........,,,
,,, ,


You could see an electric eel.


Message History

A sky beast is nearby!
A sky beast is nearby!
You feel the dreadful sensation subside.
a - a +0 hunting sling (weapon)
{sling} Fire: a) +0 hunting sling {sling}
Press: ? - help, Q - select action, (/) - cycle Shift-Dir - straight line, f - sky beast
Aim: a sky beast (43% to hit)
You shoot a sling bullet. The sling bullet misses the sky beast.
Casting: Stone Arrow (safe; 1% risk of failure)
Confirm with . or Enter, or press ? or * to list all spells.
Aiming: Stone Arrow (safe; 1% risk of failure)
Press: ? - help, Shift-Dir - straight line, f/p - sky beast
Aim: a sky beast (67% to hit)
The stone arrow misses the sky beast. 😨 MP[-3]
You lost 3 mp, and now have 19/22 mp.
Casting: Stone Arrow (safe; 1% risk of failure)
Confirm with . or Enter, or press ? or * to list all spells.
Aiming: Stone Arrow (safe; 1% risk of failure)
Press: ? - help, Shift-Dir - straight line, f/p - sky beast
Aim: a sky beast (haloed, 76% to hit)
The stone arrow hits the sky beast! 😨 MP[-3]
You lost 3 mp, and now have 16/22 mp.
Casting: Stone Arrow (safe; 1% risk of failure)
Confirm with . or Enter, or press ? or * to list all spells.
Aiming: Stone Arrow (safe; 1% risk of failure)
Press: ? - help, Shift-Dir - straight line, f/p - sky beast
Aim: a sky beast (heavily wounded, haloed, 76% to hit)
The stone arrow hits the sky beast!
You kill the sky beast! 😨 MP[-3]
You lost 3 mp, and now have 13/22 mp.
Unknown command.
Search for what [Enter for "altar", or ? for help]? vamp Unknown command.
Key pressed, stopping explore.
Key pressed, stopping explore.
Key pressed, stopping explore.
You open the door.
An orc warrior comes into view. It is wielding a +0 flail.
Found 23 gold pieces.
Found a staircase to the Lair. 😨 MP[+9]
Your mp is fully restored (22).
An orc warrior is nearby!
Casting: Stone Arrow (safe; 1% risk of failure)
Confirm with . or Enter, or press ? or * to list all spells.
Aiming: Stone Arrow (safe; 1% risk of failure)
Press: ? - help, Shift-Dir - straight line, f - orc warrior
Aim: an orc warrior, wielding a +0 flail and wearing a +0 plate armour (asleep, haloed, 100% to hit)
The stone arrow hits the orc warrior.
The orc warrior shouts! 😨 MP[-3]
You lost 3 mp, and now have 19/22 mp.
Casting: Stone Arrow (safe; 1% risk of failure)
Confirm with . or Enter, or press ? or * to list all spells.
Aiming: Stone Arrow (safe; 1% risk of failure)
Press: ? - help, Shift-Dir - straight line, f/p - orc warrior
Aim: an orc warrior, wielding a +0 flail and wearing a +0 plate armour (lightly wounded, haloed, 83% to hit)
The stone arrow hits the orc warrior! 😨 MP[-3]
You lost 3 mp, and now have 16/22 mp.
Casting: Stone Arrow (safe; 1% risk of failure)
Confirm with . or Enter, or press ? or * to list all spells.
Aiming: Stone Arrow (safe; 1% risk of failure)
Press: ? - help, Shift-Dir - straight line, f/p - orc warrior
Aim: an orc warrior, wielding a +0 flail and wearing a +0 plate armour (severely wounded, haloed, 83% to hit)
The stone arrow hits the orc warrior!
You kill the orc warrior! 😨 MP[-3]
You lost 3 mp, and now have 13/22 mp.
There is an open door here.
Things that are here:
a +0 flail {mace}; a +0 plate armour You now have 529 gold pieces (gained 23). 😨 MP[+1]
Okay, then.
Unknown command.
Unknown command.
There is a staircase to the Lair here.
You climb downwards.
Welcome to the Lair of Beasts!
There is a staircase back to the Dungeon here.
Unknown command.
Casting: Stone Arrow (safe; 1% risk of failure)
Confirm with . or Enter, or press ? or * to list all spells.
You can't see any susceptible monsters within range! (Use Z to cast anyway.)
The electric eel shoots out a bolt of lightning at you!
The bolt of electricity hits you!
* * * LOW HITPOINT WARNING * * *
😱 HP[-12]
You take 12 damage, and now have 12/75 hp.
Casting: Stone Arrow (safe; 1% risk of failure)
Confirm with . or Enter, or press ? or * to list all spells.
Aiming: Stone Arrow (safe; 1% risk of failure)
Press: ? - help, Shift-Dir - straight line, f - electric eel
Aim: an electric eel (60% to hit)
The stone arrow misses the electric eel.
The electric eel shoots out a bolt of lightning at you!
The bolt of electricity hits you!
You die...

Skill      XL: |  1  2  3  4  5  6  7  8  9 |
---------------+----------------------------+-----
Spellcasting   | 2 3 4 5 6 7 8 |  8.5
Earth Magic    | 5 6 8 10 12 | 12.9
Conjurations   | 2 4 |  4.6
Dodging        | |  2.1
Stealth        | |  2.4
Transmutations | |  0.8

Action                   |  1- 3 |  4- 6 |  7- 9 | 10-12 || total
-------------------------+-------+-------+-------+-------++-------
Melee: Falchion          |       |       |    12 |       ||    12
       Kick              |       |       |     4 |       ||     4
 Fire: Hunting sling     |    31 |    36 |    86 |     1 ||   154
Throw: Javelin           |       |       |     1 |       ||     1
       Throwing net      |       |       |     1 |       ||     1
 Cast: Sandblast         |    45 |     9 |    26 |     6 ||    86
       Stone Arrow       |     8 |    41 |   104 |    16 ||   169
       Petrify           |       |       |     3 |       ||     3
Invok: Sacrifice Artific |       |       |       |     1 ||     1
 Abil: Heal Wounds       |       |       |     3 |       ||     3
  Use: Potion            |     1 |     2 |     5 |       ||     8
       Scroll            |       |       |    14 |       ||    14
 Stab: Held in net/web   |       |       |     1 |       ||     1
       Petrified         |       |       |     9 |       ||     9
Armor: Robe              |     3 |       |       |       ||     3
       Leather armour    |       |     2 |    13 |     2 ||    17
Dodge: Dodged            |     7 |     7 |    32 |     2 ||    48

Levels and vault maps discovered:
D:1:      psy_arrival_radial01, layout_basic
D:2:      layout_rooms, dreamdust_ecumenical_altar_statues
D:3:      layout_loops_ring, gup_sewer_entry_spiral, hangedman_decor_growths,
          hangedman_abyss_or_decor_lesser_grid
D:4:      layout_gridville, minivault_25, st_stairs_3, uniq_blork_the_orc,
          uniq_duvessa, uniq_natasha
D:5:      layout_rooms, guppyfry_early_lair_pool, uniq_prince_ribbit1
D:6:      layout_loops_corners, uniq_edmund
D:7:      nicolae_cairo_tiling_large_dashed, layout_basic, slow_altar_2,
          minmay_temple_entry_wispy
D:8:      layout_basic, grunt_lair_entry_orc_guard_hut
Temple:   compressed_dpeg_triangle_lava_temple
Lair:1:   layout_layer_cave, grunt_megastairs_1, infiniplex_staircase_pool

Notes
Turn   | Place    | Note
-------+----------+-------------------------------------------
     0 | D:1      | spaghetti the Deep Dwarf Earth Elementalist began the quest
                  | for the Orb.
     0 | D:1      | Reached XP level 1. HP: 15/15 MP: 3/3
     0 | D:1      | magus.rc [v1.9.6]
    93 | D:1      | Reached skill level 2 in Spellcasting
   215 | D:1      | Reached XP level 2. HP: 22/22 MP: 5/5
   759 | D:1      | You pick up a book of Misfortune and begin reading...
   759 | D:1      | You add the spells Confusing Touch, Yara's Violent
                  | Unravelling and Enfeeble to your library.
  1185 | D:2      | Reached XP level 3. HP: 24/28 MP: 4/7
  1189 | D:2      | Learned a level 3 spell: Stone Arrow
  1227 | D:2      | Found a faded altar of an unknown god.
  1656 | D:2      | Reached skill level 3 in Spellcasting
  2125 | D:3      | Reached XP level 4. HP: 18/36 MP: 1/8
  2233 | D:3      | Reached skill level 5 in Earth Magic
  2478 | D:3      | Identified the +1 leather armour of the Blind Marksman
                  | {Harm Will+++ rCorr Dex-2}
  3056 | D:3      | Reached XP level 5. HP: 39/42 MP: 6/10
  3367 | D:4      | Reached skill level 4 in Spellcasting
  3487 | D:4      | Learned a level 4 spell: Petrify
  3978 | D:4      | Reached skill level 6 in Earth Magic
  3995 | D:4      | Reached XP level 6. HP: 46/49 MP: 1/12
  4326 | D:4      | Noticed Duvessa
  4326 | D:4      | Noticed Dowan
  4331 | D:4      | Killed Duvessa
  4332 | D:4      | Reached skill level 5 in Spellcasting
  4337 | D:4      | Killed Dowan
  4566 | D:4      | Noticed Blork the orc
  4574 | D:4      | Killed Blork the orc
  4575 | D:4      | Reached XP level 7. HP: 35/55 MP: 1/15
  4772 | D:4      | Noticed Natasha
  4773 | D:4      | Killed Natasha
  4774 | D:4      | Reached skill level 7 in Earth Magic
  4777 | D:4      | Learned a level 2 spell: Passwall
  4991 | D:5      | Entered Level 5 of the Dungeon
  5134 | D:5      | Reached skill level 6 in Spellcasting
  5597 | D:5      | Noticed Prince Ribbit
  5602 | D:5      | Killed Prince Ribbit
  5603 | D:5      | Reached skill level 8 in Earth Magic
  5603 | D:5      | Reached XP level 8. HP: 35/62 MP: 3/18
  5945 | D:5      | Reached skill level 7 in Spellcasting
  6153 | D:5      | Identified a scroll of acquirement
  6153 | D:5      | Acquired a book of Power
  6154 | D:5      | You pick up a book of Power and begin reading...
  6154 | D:5      | You add the spells Iskenderun's Battlesphere, Iron Shot and
                  | Spellforged Servitor to your library.
  6162 | D:5      | Learned a level 6 spell: Iron Shot
  6168 | D:5      | Learned a level 5 spell: Iskenderun's Battlesphere
  6293 | D:4      | Noticed Natasha
  6294 | D:4      | Killed Natasha
  6329 | D:6      | Reached skill level 9 in Earth Magic
  6475 | D:6      | Reached skill level 1 in Conjurations
  6607 | D:6      | Noticed Edmund
  6611 | D:6      | Killed Edmund
  7101 | D:6      | Reached skill level 2 in Conjurations
  7187 | D:6      | Reached skill level 10 in Earth Magic
  7253 | D:6      | Gained mutation: You passively map the area around you.
                  | [Deep Dwarf growth]
  7253 | D:6      | Reached XP level 9. HP: 34/68 MP: 1/20
  8432 | D:7      | HP: 16/68 [centaur/arrow (8)]
  8489 | D:7      | Gained mutation: Your spells are a little easier to cast,
                  | but a little less powerful. [potion of mutation]
  8489 | D:7      | Lost mutation: Your spells are a little easier to cast, but
                  | a little less powerful. [potion of mutation]
  8489 | D:7      | Gained mutation: You sometimes lose the ability to read
                  | scrolls when taking damage. [potion of mutation]
  8492 | D:7      | Lost mutation: You sometimes lose the ability to read
                  | scrolls when taking damage. [potion of mutation]
  8492 | D:7      | Gained mutation: You are partially covered in iridescent
                  | scales. (AC +2) [potion of mutation]
  8492 | D:7      | Gained mutation: You have sharp toenails. [potion of
                  | mutation]
  8499 | D:7      | Reached skill level 3 in Conjurations
  8643 | D:7      | Reached skill level 11 in Earth Magic
  8775 | D:7      | Found a staircase to the Ecumenical Temple.
  8783 | Temple   | Entered the Ecumenical Temple
  8804 | Temple   | Became a worshipper of Ru the Awakened
  8819 | D:7      | Reached skill level 8 in Spellcasting
  8831 | D:7      | HP: 15/68 [hound (1)]
  9380 | D:7      | Found a snail-covered altar of Cheibriados.
  9668 | D:8      | Noticed a two-headed ogre
  9673 | D:8      | Killed a two-headed ogre
  9674 | D:8      | Reached skill level 4 in Conjurations
  9674 | D:8      | Reached skill level 12 in Earth Magic
  9831 | D:8      | HP: 10/68 [killer bee (5)]
  9852 | D:8      | Reached XP level 10. HP: 28/75 MP: 7/22
 10500 | D:8      | Gained mutation: You cannot study or use magical devices.
                  | [Ru sacrifice]
 10500 | D:8      | Reached * piety under Ru
 10500 | D:8      | Reached ** piety under Ru
 10605 | D:8      | Found a staircase to the Lair.
 10614 | Lair:1   | Entered Level 1 of the Lair of Beasts
 10615 | Lair:1   | HP: 12/75 [electric eel/bolt of electricity (12)]
 10616 | Lair:1   | Killed from afar by an electric eel

Vanquished Creatures
  A two-headed ogre (D:8)
  Prince Ribbit (D:5)
  Edmund (D:6)
  A water moccasin (D:5)
  Duvessa (D:4)
  2 orc warriors
  3 ice beasts
  A sky beast (D:8)
  2 ogres (D:7)
  2 black bears (D:8)
  A centaur (D:7)
  Blork the orc (D:4)
  3 kobold brigands
  4 bullfrogs
  A necrophage (D:8)
  6 scorpions
  3 wights (D:5)
  Dowan (D:4)
  5 killer bees (D:8)
  2 orc priests
  4 hounds
  A jelly (D:5)
  A gnoll shaman (D:6)
  An iron imp (D:7)
  Natasha (twice) (D:4)
  5 iguanas
  4 orc wizards
  7 gnolls (D:6)
  8 adders
  A river rat (D:3)
  2 white imps
  2 ufetubi (D:6)
  2 worms
  A dart slug (D:4)
  22 orcs
  4 ball pythons
  6 bats
  8 endoplasms
  5 giant cockroaches
  10 goblins
  7 hobgoblins
  20 kobolds
  4 quokkas
  2 frilled lizards (D:2)
  8 rats
179 creatures vanquished.

Vanquished Creatures (others)
  4 fungi (D:8)
  2 plants
6 creatures vanquished.

Grand Total: 185 creatures vanquished

Table legend:
 A = Non-vault XP
 B = Vault XP
 C = Vault XP percentage of total XP
 D = Non-vault monster count
 E = Vault monster count
 F = Vault count percentage of total count
                 A         B        C        D         E       F
            +---------+---------+-------+---------+---------+-------
      Total |    4643 |    1489 |  24.3 |     153 |      26 |  14.5
            +---------+---------+-------+---------+---------+-------
        D:1 |      37 |       0 |   0.0 |      20 |       0 |   0.0
        D:2 |      44 |       0 |   0.0 |      18 |       0 |   0.0
        D:3 |      84 |      49 |  36.8 |      20 |       7 |  25.9
        D:4 |     301 |     365 |  54.8 |      13 |       7 |  35.0
        D:5 |     743 |     318 |  30.0 |      14 |       5 |  26.3
        D:6 |     966 |     154 |  13.8 |      30 |       1 |   3.2
        D:7 |     908 |      40 |   4.2 |      20 |       1 |   4.8
        D:8 |    1560 |     563 |  26.5 |      18 |       5 |  21.7
            +---------+---------+-------+---------+---------+-------

Illustrated notes

Table legend:
 A = Kills in this place as a percentage of kills in entire the game.
 B = Kills by you in this place as a percentage of kills by you in the entire game.
 C = Kills by friends in this place as a percentage of kills by friends in the entire game.
 D = Other kills in this place as a percentage of other kills in the entire game.
 E = Experience gained in this place as a percentage of experience gained in the entire game.
 F = Experience gained in this place divided by the number of levels of this place that you have seen.
                   A       B       C       D       E      F
               +-------+-------+-------+-------+-------+----------------------
         Total | 100.0 | 100.0 |   N/A |   N/A | 100.0 | 613.2
       Dungeon | 100.0 | 100.0 |   N/A |   N/A | 100.0 | 766.5
               +-------+-------+-------+-------+-------+----------------------

Table legend: (Time is in decaauts)
 A = Elapsed time spent in this place.
 B = Non-inter-level travel time spent in this place.
 C = Inter-level travel time spent in this place.
 D = Time resting spent in this place.
 E = Time spent auto-exploring this place.
 F = Levels seen in this place.
 G = Mean time per level.
                   A        B        C        D        E       F      G
               +--------+--------+--------+--------+--------+-----+--------+
         Total |  10740 |  10433 |    307 |   1681 |   7663 |  10 | 1074.0 |
       Dungeon |  10711 |  10409 |    302 |   1681 |   7663 |   8 | 1338.9 |
        Temple |     26 |     21 |      5 |      0 |      0 |   1 |   26.0 |
          Lair |      1 |      1 |      0 |      0 |      0 |   1 |    1.0 |
               +--------+--------+--------+--------+--------+-----+--------+

Top non-repeatable levels by time:
     D:6: 1898 daAuts
     D:4: 1676 daAuts
     D:3: 1434 daAuts
     D:5: 1312 daAuts
     D:8: 1213 daAuts
     D:7: 1191 daAuts
     D:1: 1188 daAuts
     D:2: 797 daAuts
  Temple: 26 daAuts
  Lair:1: 1 daAuts
